 Dungeon Crawl Stone Soup version 0.28.0 (webtiles) character file.

Game seed: 11025610123740582340

53 themarg the Caller (level 3, -23/24 HPs)
             Began as a Merfolk Summoner on Feb 17, 2022.
             Killed from afar by Ijyb (27 damage)
             ... with a bolt of acid
             ... on level 3 of the Dungeon.
             The game lasted 00:12:45 (2199 turns).

themarg the Caller (Merfolk Summoner)               Turns: 2199, Time: 00:12:45

Health: -23/24     AC: -2    Str:  8    XL:     3   Next: 87%
Magic:  4/6        EV: 13    Int: 16    God:
Gold:   24         SH:  0    Dex: 14    Spells: 2/6 levels left

rFire   . . .      SeeInvis .   e - +0 spear
rCold   . . .      Faith    .   (no shield)
rNeg    . . .      Spirit   .   a - +0 robe
rPois   .          Reflect  .   (no helmet)
rElec   .          Harm     .   r - scarf {repulsion}
rCorr   .          Rampage  .   (no gloves)
Will    .....                   (no boots)
Stlth   ++........              (no amulet)
HPRegen 0.08/turn               (no ring)
MPRegen 0.10/turn               (no ring)

@: corroded, repel missiles
A: (nimble swimmer 2), mertail
a: no special abilities


You were on level 3 of the Dungeon.
You visited 1 branch of the dungeon, and saw 3 of its levels.

You collected 24 gold pieces.

Inventory:

Hand Weapons
 e - a +0 spear (weapon)
Missiles
 g - 64 stones
 j - 2 poisoned darts
Armour
 a - a +0 robe (worn)
 r - a scarf of repulsion (worn)
Jewellery
 f - a ring of see invisible
 i - a ring of poison resistance
Scrolls
 b - a scroll of amnesia {unknown}
 c - a scroll of summoning {unknown}
 d - a scroll of torment {unknown}
 m - 3 scrolls of identify {unknown}
 n - a scroll of vulnerability {unknown}
 q - a scroll of teleportation {unknown}
Potions
 h - a potion of resistance {unknown}
 k - a potion of curing {unknown}
 l - a potion of ambrosia {unknown}
 o - a potion of brilliance {unknown}
 p - a potion of might {unknown}


   Skills:
 + Level 1.1 Polearms
 + Level 3.4 Dodging
 + Level 2.9 Stealth
 + Level 2.4 Spellcasting
 * Level 4.4 Summonings


You had 2 spell levels left.
You knew the following spells:

 Your Spells              Type           Power      Damage    Failure   Level
a - Summon Small Mammal   Summ           64%        N/A       3%          1
b - Call Canine Familiar  Summ           16%        N/A       10%         3

Your spell library contained the following spells:

 Spells                   Type           Power      Damage    Failure   Level
 Call Imp                 Summ           16%        N/A       4%          2
 Magic Dart               Conj           4%         1d3       21%         1
 Searing Ray              Conj           2%         2d4       30%         2
 Summon Guardian Golem    Hex/Summ       9%         N/A       24%         3
 Summon Lightning Spire   Summ/Air       9%         N/A       63%         4
 Fulminant Prism          Conj/Hex       0%         3d6       89%         4


Dungeon Overview and Level Annotations

Branches:
Dungeon (3/15)

Altars:

Annotations:
D:2 exclusion: downstairs
D:3 Ijyb, Sigmund


Innate Abilities, Weirdness & Mutations

((You are very nimble when in or above water. (Stealth+, EV+, Speed+++)))
Your lower body shifts to a powerful aquatic tail in water.


Message History

There is a stone staircase leading down here.
The orc hits your hound but does no damage.
Press: ? - help, v - describe, . - travel
Here: Ijyb, wielding a +0 club, wearing a +0 chain mail and carrying a wand of acid (11)
The floor.
Casting: Call Canine Familiar (quite dangerous; 10% risk of failure)
Confirm with . or Enter, or press ? or * to list all spells.
Your hound closely misses the orc.
An orc comes into view. It is wielding a +0 club.
Your hound bites the orc.
The orc hits your hound with a +0 whip.
Reach: e) +0 spear
Press: ? - help, Dir - move target, f - orc
Aim: an orc, wielding a +0 whip (severely wounded, ally target, about 40% to evade your +0 spear)
You could not reach far enough!
Your hound bites the orc.
The orc hits your hound with a +0 whip.
Reach: e) +0 spear
Press: ? - help, Dir - move target, f/p - orc
Aim: an orc, wielding a +0 whip (almost dead, ally target, about 40% to evade your +0 spear)
You could not reach far enough!
Your hound bites the orc.
The orc dies!
Your hound bites Ijyb but does no damage.
Reach: e) +0 spear
Press: ? - help, Dir - move target, f - Ijyb
Aim: Ijyb, wielding a +0 club, wearing a +0 chain mail and carrying a wand of acid (11) (ally target, about 40% to evade your +0 spear)
You reach to attack!
You hit Ijyb but do no damage.
Your hound barely misses Ijyb.
Ijyb zaps a wand.
The bolt of acid hits your hound!! The acid corrodes your hound!
Your hound dies!
Your hound's corpse disappears in a puff of smoke!
The bolt of acid hits you!!
Ouch! That really hurt!
* * * LOW HITPOINT WARNING * * *
The acid corrodes you! The bolt of acid hits your bat!
The acid corrodes your bat!
Your bat dies!
Your bat's corpse disappears in a puff of smoke!
Ijyb screams, "I dance on your bones!"
Ijyb zaps a wand.
The bolt of acid hits you!!
Ouch! That really hurt!
You die...

#.o.o.)....# .....#
#..........# ##.....#
#..........########......#
#..........##.o>.o.......#
##..h.....###.#####....).#
##.<....## #o# #(.....#
###########g# #.#.####
####...# #...# ####..@.###
#..## #....#### #..#
#.####### #.##
#.####..######
#.............
######..#####.. #....#....
# #.##.#... ..#####.##...#


You could see Ijyb.

Vanquished Creatures
  A goblin (D:1)
  2 quokkas
  3 bats (D:1)
  3 kobolds (D:1)
  A rat (D:3)
10 creatures vanquished.

Vanquished Creatures (collateral kills)
  An adder (D:3)
  2 dart slugs
  2 orcs (D:3)
  4 ball pythons
  4 endoplasms
  2 hobgoblins (D:1)
  2 bats
  2 frilled lizards (D:1)
  5 goblins
  2 kobolds
  3 rats (D:1)
29 creatures vanquished.

Grand Total: 39 creatures vanquished

Notes
Turn   | Place    | Note
-------+----------+-------------------------------------------
     0 | D:1      | themarg the Merfolk Summoner began the quest for the Orb.
     0 | D:1      | Reached XP level 1. HP: 13/13 MP: 3/3
   255 | D:1      | Reached XP level 2. HP: 14/19 MP: 1/5
   784 | D:1      | Reached XP level 3. HP: 23/24 MP: 3/6
   809 | D:1      | Learned a level 3 spell: Call Canine Familiar
  1993 | D:3      | Noticed Sigmund
  2055 | D:3      | Reached skill level 1 in Polearms
  2180 | D:3      | Noticed Ijyb
  2199 | D:3      | Killed from afar by Ijyb

Illustrated notes

Levels and vault maps discovered:
D:1:      tarquinn_simple_flora_water_a, layout_basic, chequers_arboretum,
          corexii_item_surrounded_by_moat
D:2:      layout_basic, hangedman_decor_diamond_cutter
D:3:      layout_rooms, uniq_ijyb, uniq_sigmund

Skill      XL: |  1  2  3 |
---------------+----------+-----
Dodging        | 3 |  3.4
Polearms       | 1 |  1.1
Stealth        | |  2.9
Spellcasting   | |  2.4
Summonings     | |  4.4

Action                   || total
-------------------------++-------
Melee: Club              ||    10
       Spear             ||    44
 Cast: Summon Small Mamm ||    34
       Call Canine Famil ||     8
Armor: Robe              ||    16
Dodge: Dodged            ||    39
